 Dungeon Sprint DCSS version 0.27-a0-277-g024f7ef292 (webtiles) character file.

Game seed: 16619177533194901219

5586 Heh the Carver (level 10, -5/102 HPs)
             Began as a Demonspawn Monk on Feb 5, 2021.
             Was the Champion of Jiyva.
             Slain by a spriggan rider
             ... wielding a +0 spear
              (21 damage)
             ... in the Dungeon (Sprint VII: "The Pits").
             The game lasted 00:06:10 (1294 turns).

Heh the Carver (Demonspawn Monk)                    Turns: 1294, Time: 00:06:11

Health: -5/102     AC:  8    Str: 24    XL:     10   Next: 45%
Magic:  10/10      EV: 19    Int: 12    God:    Jiyva [******]
Gold:   0          SH:  0    Dex: 16    Spells: 9/9 levels left

rFire    . . .     SeeInvis .   q - +2 scimitar (elec)
rCold    . . .     Faith    .   (no shield)
rNeg     . . .     Spirit   .   l - +3 ring mail
rPois    +         Reflect  .   (helmet restricted)
rElec    .         Harm     .   (no cloak)
rCorr    +         Rampage  .   (no gloves)
Will     .....     NoTele   +   (no boots)
Stlth    ++........             (no amulet)
HPRegen  0.27/turn              o - +3 ring of strength
MPRegen  0.12/turn              p - +3 ring of strength

@: slowed, very slow
A: antennae 1, beak, claws 2, hooves 2, camouflage 1, blurry vision 1, clever 1,
foul stench 3, poison resistance, robust 1, strong 1, gelatinous body 1,
pseudopods 2, jelly sensing items
a: Renounce Religion, Request Jelly, Slimify, Cure Bad Mutation


You were in the Dungeon.
You worshipped Jiyva.
Jiyva was exalted by your worship.
You visited 1 branch

Inventory:

Hand Weapons
 a - a +0 falchion
 i - a +2 falchion
 k - a +2 long sword of flaming
 n - a +3 great sword
 q - a +2 scimitar of electrocution (weapon)
 s - a +2 scimitar of flaming
Armour
 b - a +0 robe
 l - a +3 ring mail (worn)
 m - a +3 chain mail
 r - a +4 chain mail
Jewellery
 o - a +3 ring of strength (left claw)
 p - a +3 ring of strength (right claw)
Scrolls
 h - a scroll of blinking
Potions
 c - 6 potions of curing
 d - a potion of heal wounds
 e - a potion of haste
 f - 4 potions of magic
 g - 3 potions of berserk rage
 j - 2 potions of invisibility


   Skills:
 + Level 13.8 Fighting
 - Level 14.2 Long Blades
 + Level 7.7 Armour
 * Level 10.6 Dodging
 - Level 1.7 Stealth


You had 9 spell levels left.
You didn't know any spells.
Your spell library was empty.

Dungeon Overview and Level Annotations

Branches:
Dungeon (1/1)

Altars:
Ashenzari
Cheibriados
Dithmenos
Elyvilon
Fedhas
Gozag
Hepliaklqana
Kikubaaqudgha
Makhleb
Nemelex Xobeh
Okawaru
Qazlal
Ru
Sif Muna
Trog
Uskayaw
Vehumet
Wu Jian
Xom
Yredelemnul
Zin
The Shining One
Beogh
Jiyva
Lugonu


Innate Abilities, Weirdness & Mutations

You have a pair of small antennae on your head.
You have very sharp fingernails.
You have hoof-like feet.
You frequently emit foul miasma when damaged in melee.
You have a beak for a mouth.
Your skin changes colour to match your surroundings (Stealth+).
Scrolls take you a little longer to read.
Your mind is acute. (Int +2)
Your system is resistant to poisons. (rPois)
You are robust. (+10% HP)
Your muscles are strong. (Str +2)
Your rubbery body absorbs attacks. (AC +1, EV +1)
Armour fits poorly on your large pseudopods.
You have a small jelly attached to you that senses nearby items.


Message History

The freezing wraith barely misses you.
You riposte.
You barely miss the freezing wraith.
You kick the freezing wraith, but do no damage.
The freezing wraith misses you.
The spriggan rider hits you from afar with a +0 spear!!
* * * LOW HITPOINT WARNING * * *
Unknown command.
The freezing wraith hits the jelly.
The freezing wraith freezes the jelly!
The freezing wraith is burned by acid!
The freezing wraith hits the jelly.
The freezing wraith is burned by acid!
You hear a slurping noise.
Jiyva alters your body.
You feel as though nothing has changed. Jiyva alters your body.
Your body partially splits into a small jelly.
Jiyva appreciates your sacrifice.
You feel better.
The jelly barely misses the freezing wraith.
The spriggan rider hits you from afar with a +0 spear!!
You die...

##......# .. ##......#
... ###....## ####...#
### # ##++## ###.......
#..# ###....###....##.##
...#
##......#....##...##....#
##.........h............+
##......#....##...##....#
###....###....##@##°....#
# ##++## ###..J.{Ji..# #
####.JW#### # #.......# #
#.........# # ###########


You could see a spriggan rider, a freezing wraith and 3 neutral jellies (fellow
slime).

Vanquished Creatures
  A skeletal warrior (D)
  A wolf spider (D)
  A deep elf pyromancer (D)
  Joseph (D)
  An orange demon (D)
  An efreet (D)
  A guardian mummy (D)
  A polar bear (D)
  A hornet (D)
  5 blink frogs (D)
  A tarantella (D)
  A swamp drake (D)
  A lemure (D)
  6 wights (D)
  A quasit (D)
  3 orc wizards (D)
  An ufetubus (D)
  An ooze (D)
  A leopard gecko (D)
  6 orcs (D)
  A ball python (D)
  A giant cockroach (D)
  2 goblins (D)
  A hobgoblin (D)
  2 jackals (D)
  A leopard gecko skeleton (D)
44 creatures vanquished.

Vanquished Creatures (collateral kills)
  3 skeletal warriors (D)
  Pikel (D)
  A tarantella (D)
  Menkaure (D)
  A necrophage (D)
  A wight (D)
  A kobold (D)
  A ball python skeleton (D)
10 creatures vanquished.

Vanquished Creatures (others)
  Dissolution (D)
  A profane servitor (D)
  2 Orb Guardians (D)
  3 acid blobs (D)
  2 azure jellies (D)
  A frost giant (D)
  A draconian annihilator (D)
  A red draconian (D)
  A green death (D)
  2 eyes of devastation (D)
  2 yaktaurs (D)
  A polar bear (shapeshifter) (D)
  2 golden eyes (D)
  2 eyes of draining (D)
  10 jellies (D)
  An adder skeleton (D)
  An adder zombie (D)
  A bat skeleton (D)
35 creatures vanquished.

Grand Total: 89 creatures vanquished

Notes
Turn   | Place    | Note
-------+----------+-------------------------------------------
     0 | D        | Heh the Demonspawn Monk began the quest for the Orb.
     0 | D        | Reached XP level 1. HP: 18/18 MP: 1/1
    16 | D        | Reached skill level 3 in Long Blades
    19 | D        | Found a bloodstained altar of Trog.
    19 | D        | Found a shimmering blue altar of Sif Muna.
    19 | D        | Found a viscous altar of Jiyva.
    19 | D        | Found a hazy altar of Hepliaklqana.
    19 | D        | Found an opulent altar of Gozag.
    39 | D        | Found a glowing golden altar of the Shining One.
    39 | D        | Found a glowing silver altar of Zin.
    39 | D        | Found a basalt altar of Yredelemnul.
    39 | D        | Found a shimmering altar of Xom.
    39 | D        | Found an ornate altar of the Wu Jian Council.
    39 | D        | Found a sacrificial altar of Ru.
    39 | D        | Found a stormy altar of Qazlal.
    39 | D        | Found an iron altar of Okawaru.
    39 | D        | Found a sparkling altar of Nemelex Xobeh.
    39 | D        | Found a burning altar of Makhleb.
    39 | D        | Found a blossoming altar of Fedhas.
    39 | D        | Found a white marble altar of Elyvilon.
    39 | D        | Found a shadowy altar of Dithmenos.
    39 | D        | Found a snail-covered altar of Cheibriados.
    42 | D        | Found a corrupted altar of Lugonu.
    42 | D        | Found a radiant altar of Vehumet.
    42 | D        | Found a roughly hewn altar of Beogh.
    43 | D        | Found an ancient bone altar of Kikubaaqudgha.
    43 | D        | Found a hide-covered altar of Uskayaw.
    43 | D        | Found a broken altar of Ashenzari.
    46 | D        | Became a worshipper of Jiyva Jairey the Shapeless
    46 | D        | Reached * piety under Jiyva
    46 | D        | Reached ** piety under Jiyva
    46 | D        | Killed a yaktaur
    47 | D        | Killed an azure jelly
    47 | D        | Killed a green death
    49 | D        | Killed a yaktaur
    49 | D        | Killed an Orb Guardian
    52 | D        | Reached *** piety under Jiyva
    53 | D        | Killed a frost giant
    55 | D        | Gained mutation: You evolve. [Jiyva's grace]
    55 | D        | Reached **** piety under Jiyva
    55 | D        | Killed an Orb Guardian
    56 | D        | Killed an azure jelly
    57 | D        | Killed a profane servitor
    57 | D        | Gained mutation: You have large cloven feet. [Jiyva's
                  | grace]
    57 | D        | Reached ***** piety under Jiyva
    57 | D        | Lost mutation: You evolve. [Jiyva's grace]
    57 | D        | Gained mutation: You are somewhat resistant to further
                  | mutation. [Jiyva's grace]
    57 | D        | Lost mutation: You are somewhat resistant to further
                  | mutation. [Jiyva's grace]
    58 | D        | Killed a green draconian annihilator
    59 | D        | Killed an acid blob
    59 | D        | Killed an eye of devastation
    60 | D        | Reached ****** piety under Jiyva
    60 | D        | Gained mutation: You are weak. (Str -2) [Jiyva's grace]
    62 | D        | Killed an acid blob
    69 | D        | Reached skill level 4 in Long Blades
    69 | D        | Gained mutation: You may rarely emit foul miasma when
                  | damaged in melee. [demonic ancestry]
    69 | D        | Reached XP level 2. HP: 3/25 MP: 2/2
    69 | D        | Killed a red draconian
    69 | D        | Killed Dissolution
    70 | D        | Killed an acid blob
    78 | D        | Killed a polar bear
    88 | D        | Killed a golden eye
    91 | D        | Killed a golden eye
   102 | D        | Gained mutation: You are robust. (+10% HP) [Jiyva's grace]
   104 | D        | Lost mutation: You are weak. (Str -2) [Jiyva's grace]
   104 | D        | Lost mutation: You have large cloven feet. [Jiyva's grace]
   106 | D        | Gained mutation: Your spells are a little harder to cast,
                  | but a little more powerful. [Jiyva's grace]
   107 | D        | Gained mutation: You have a pair of small horns on your
                  | head. [Jiyva's grace]
   108 | D        | Gained mutation: You have sharp fingernails. [Jiyva's
                  | grace]
   110 | D        | Gained mutation: You evolve. [Jiyva's grace]
   110 | D        | Lost mutation: Your spells are a little harder to cast, but
                  | a little more powerful. [Jiyva's grace]
   111 | D        | Gained mutation: Your body sometimes deteriorates upon
                  | taking damage. [Jiyva's grace]
   111 | D        | Gained mutation: Your translucent skin slightly reduces
                  | your foes' accuracy. (Stealth) [Jiyva's grace]
   111 | D        | Gained mutation: Your flesh is cold resistant. (rC+)
                  | [Jiyva's grace]
   113 | D        | Gained mutation: You expend magic power (3 MP) to
                  | strengthen your wands. [Jiyva's grace]
   114 | D        | Gained mutation: You have supernaturally acute eyesight.
                  | (SInv) [Jiyva's grace]
   115 | D        | Gained mutation: You have a small jelly attached to you
                  | that senses nearby items. [Jiyva's grace]
   116 | D        | Lost mutation: You have a pair of small horns on your head.
                  | [Jiyva's grace]
   116 | D        | Lost mutation: Your translucent skin slightly reduces your
                  | foes' accuracy. (Stealth) [Jiyva's grace]
   121 | D        | Gained mutation: You are covered in fur. (AC +1) [Jiyva's
                  | grace]
   121 | D        | Lost mutation: Your body sometimes deteriorates upon taking
                  | damage. [Jiyva's grace]
   123 | D        | Lost mutation: You expend magic power (3 MP) to strengthen
                  | your wands. [Jiyva's grace]
   126 | D        | Gained mutation: You are very robust. (+20% HP) [Jiyva's
                  | grace]
   126 | D        | Lost mutation: You have a small jelly attached to you that
                  | senses nearby items. [Jiyva's grace]
   127 | D        | Gained mutation: Your rubbery body absorbs attacks. (AC +1,
                  | EV +1) [Jiyva's grace]
   127 | D        | Gained mutation: Your mind is acute. (Int +2) [Jiyva's
                  | grace]
   128 | D        | Lost mutation: Your rubbery body absorbs attacks. (AC +1,
                  | EV +1) [Jiyva's grace]
   129 | D        | Lost mutation: You evolve. [Jiyva's grace]
   139 | D        | Noticed Menkaure
   148 | D        | Killed Menkaure
   149 | D        | Reached skill level 5 in Fighting
   149 | D        | Reached skill level 6 in Long Blades
   149 | D        | Gained mutation: You sometimes emit foul miasma when
                  | damaged in melee. [demonic ancestry]
   149 | D        | Reached XP level 3. HP: 18/39 MP: 3/3
   149 | D        | Gained mutation: You have large cloven feet. [demonic
                  | ancestry]
   149 | D        | Reached XP level 4. HP: 22/46 MP: 4/4
   232 | D        | Killed an eye of devastation
   308 | D        | Lost mutation: Your flesh is cold resistant. (rC+) [Jiyva's
                  | grace]
   308 | D        | Gained mutation: You have a pair of small antennae on your
                  | head. [Jiyva's grace]
   310 | D        | Gained mutation: Your flesh is cold resistant. (rC+)
                  | [Jiyva's grace]
   316 | D        | Gained mutation: Your muscles are strong. (Str +2) [Jiyva's
                  | grace]
   321 | D        | Reached skill level 7 in Long Blades
   321 | D        | Gained mutation: Your system is resistant to poisons.
                  | (rPois) [Jiyva's grace]
   321 | D        | Noticed a necrophage
   322 | D        | Lost mutation: You are very robust. (+20% HP) [Jiyva's
                  | grace]
   326 | D        | Lost mutation: You have a pair of small antennae on your
                  | head. [Jiyva's grace]
   328 | D        | Reached skill level 8 in Long Blades
   328 | D        | Gained mutation: You have hoof-like feet. [demonic
                  | ancestry]
   328 | D        | Reached XP level 5. HP: 51/51 MP: 5/5
   338 | D        | Reached skill level 9 in Long Blades
   340 | D        | Killed a necrophage
   341 | D        | Gained mutation: You frequently emit foul miasma when
                  | damaged in melee. [demonic ancestry]
   341 | D        | Reached XP level 6. HP: 9/61 MP: 6/6
   343 | D        | Reached skill level 10 in Long Blades
   346 | D        | Lost mutation: Your flesh is cold resistant. (rC+) [Jiyva's
                  | grace]
   347 | D        | Lost mutation: You have supernaturally acute eyesight.
                  | (SInv) [Jiyva's grace]
   347 | D        | Gained mutation: You are agile. (Dex +2) [Jiyva's grace]
   348 | D        | Gained mutation: You have hooves in place of feet. [Jiyva's
                  | grace]
   583 | D        | Noticed a deep elf pyromancer
   590 | D        | Noticed a fire elemental
   591 | D        | Killed a deep elf pyromancer
   592 | D        | Reached skill level 12 in Long Blades
   592 | D        | Mutation became permanent: You have sharp fingernails.
                  | [demonic ancestry]
   592 | D        | Gained mutation: You have sharp fingernails. [demonic
                  | ancestry]
   592 | D        | Reached XP level 7. HP: 41/71 MP: 7/7
   719 | D        | Lost mutation: Your mind is acute. (Int +2) [Jiyva's grace]
   727 | D        | Gained mutation: Your mind is acute. (Int +2) [Jiyva's
                  | grace]
   733 | D        | Gained mutation: Your rubbery body absorbs attacks. (AC +1,
                  | EV +1) [Jiyva's grace]
   736 | D        | Gained mutation: You have a pair of small horns on your
                  | head. [Jiyva's grace]
   737 | D        | Reached skill level 10 in Fighting
   749 | D        | Lost mutation: You have a pair of small horns on your head.
                  | [Jiyva's grace]
   751 | D        | Noticed a wolf spider
   751 | D        | Noticed Joseph
   758 | D        | Killed a wolf spider
   759 | D        | Reached skill level 13 in Long Blades
   759 | D        | Gained mutation: You have a pair of small antennae on your
                  | head. [demonic ancestry]
   759 | D        | Reached XP level 8. HP: 27/82 MP: 8/8
   764 | D        | Killed Joseph
   765 | D        | Reached skill level 14 in Long Blades
   768 | D        | Lost mutation: Your rubbery body absorbs attacks. (AC +1,
                  | EV +1) [Jiyva's grace]
   770 | D        | Gained mutation: You are covered in slimy tendrils that may
                  | disarm your opponents. [Jiyva's grace]
   772 | D        | Lost mutation: You are covered in slimy tendrils that may
                  | disarm your opponents. [Jiyva's grace]
   777 | D        | Gained mutation: You possess an exceptional clarity of
                  | mind. [Jiyva's grace]
   779 | D        | Gained mutation: Your muscles are very strong. (Str +4)
                  | [Jiyva's grace]
   780 | D        | Gained mutation: You have a beak for a mouth. [Jiyva's
                  | grace]
   781 | D        | Gained mutation: You are covered in slimy tendrils that may
                  | disarm your opponents. [Jiyva's grace]
   781 | D        | Gained mutation: Your rubbery body absorbs attacks. (AC +1,
                  | EV +1) [Jiyva's grace]
   782 | D        | Lost mutation: Your muscles are very strong. (Str +4)
                  | [Jiyva's grace]
   783 | D        | Gained mutation: Your skin changes colour to match your
                  | surroundings (Stealth+). [Jiyva's grace]
   783 | D        | Lost mutation: Your rubbery body absorbs attacks. (AC +1,
                  | EV +1) [Jiyva's grace]
   784 | D        | Gained mutation: You are very agile. (Dex +4) [Jiyva's
                  | grace]
   785 | D        | Lost mutation: You have hooves in place of feet. [Jiyva's
                  | grace]
   785 | D        | Lost mutation: You possess an exceptional clarity of mind.
                  | [Jiyva's grace]
   785 | D        | Gained mutation: Scrolls take you a little longer to read.
                  | [Jiyva's grace]
   867 | D        | Noticed Pikel
   867 | D        | Noticed a skeletal warrior
   867 | D        | Noticed a skeletal warrior
   867 | D        | Noticed a skeletal warrior
   867 | D        | Noticed a skeletal warrior
   880 | D        | Killed a skeletal warrior
   881 | D        | Reached XP level 9. HP: 65/90 MP: 9/9
   884 | D        | Killed Pikel
   885 | D        | Reached skill level 5 in Dodging
   893 | D        | Killed a skeletal warrior
   897 | D        | Killed a skeletal warrior
   898 | D        | Reached skill level 5 in Armour
   900 | D        | Killed a skeletal warrior
   937 | D        | Gained mutation: Your spells are a little harder to cast,
                  | but a little more powerful. [Jiyva's grace]
   941 | D        | Lost mutation: You are very agile. (Dex +4) [Jiyva's grace]
   942 | D        | Lost mutation: Your mind is acute. (Int +2) [Jiyva's grace]
   959 | D        | Noticed a guardian mummy
   960 | D        | Noticed an orange demon
   980 | D        | Killed an orange demon
   981 | D        | Gained mutation: You have very sharp fingernails. [demonic
                  | ancestry]
   981 | D        | Reached XP level 10. HP: 25/101 MP: 10/10
  1236 | D        | Lost mutation: You are agile. (Dex +2) [Jiyva's grace]
  1240 | D        | Lost mutation: Your spells are a little harder to cast, but
                  | a little more powerful. [Jiyva's grace]
  1258 | D        | Gained mutation: Armour fits poorly on your pseudopods.
                  | [Jiyva's grace]
  1261 | D        | Reached skill level 10 in Dodging
  1261 | D        | Lost mutation: You are covered in fur. (AC +1) [Jiyva's
                  | grace]
  1269 | D        | Gained mutation: Your mind is acute. (Int +2) [Jiyva's
                  | grace]
  1280 | D        | Noticed a spriggan rider
  1288 | D        | Gained mutation: Your body has grown golden eyes which may
                  | confuse attackers. (Acc +3) [Jiyva's grace]
  1288 | D        | Lost mutation: You are covered in slimy tendrils that may
                  | disarm your opponents. [Jiyva's grace]
  1289 | D        | Gained mutation: Armour fits poorly on your large
                  | pseudopods. [Jiyva's grace]
  1289 | D        | Lost mutation: Your body has grown golden eyes which may
                  | confuse attackers. (Acc +3) [Jiyva's grace]
  1289 | D        | Gained mutation: Your rubbery body absorbs attacks. (AC +1,
                  | EV +1) [Jiyva's grace]
  1294 | D        | Gained mutation: You have a small jelly attached to you
                  | that senses nearby items. [Jiyva's grace]
  1294 | D        | Slain by a spriggan rider

Illustrated notes

Levels and vault maps discovered:
D:        pitsprint [storerooms_1, entrance_room_1, metal_vault_2, armoury_1,
          mini_pit_1, grid_room_1, main_hall_1, silver_pit, the_coven_3,
          the_vestibule_1, steel_vault_4, golden_pit, hallway_of_sentries,
          crystal_vault_1, iron_vault_4, final_vault]

Skill      XL: |  1  2  3  4  5  6  7  8  9 10 |
---------------+-------------------------------+-----
Long Blades    | 4 6 8 9 12 13 14 | 14.2
Fighting       | 5 6 7 9 11 12 13 | 13.8
Armour         | 3 6 7 |  7.7
Dodging        | 4 9 10 | 10.6
Stealth        | |  1.7

Action                   |  1- 3 |  4- 6 |  7- 9 | 10-12 || total
-------------------------+-------+-------+-------+-------++-------
Melee: Falchion          |    24 |       |       |       ||    24
       Kick              |     2 |     7 |    16 |    20 ||    45
       Long sword        |       |    17 |       |       ||    17
       Great sword       |       |     9 |    18 |       ||    27
       Scimitar          |       |       |    26 |    30 ||    56
       Peck              |       |       |     6 |     6 ||    12
       Pseudopods        |       |       |       |     1 ||     1
  Use: Potion            |       |       |     6 |       ||     6
 Stab: Sleeping          |     2 |     1 |       |       ||     3
       Distracted        |       |       |     1 |       ||     1
Armor: Robe              |     5 |     3 |       |       ||     8
       Ring mail         |       |     1 |    18 |    11 ||    30
Dodge: Dodged            |    18 |    13 |    36 |    34 ||   101
       Rpst.: Falchion   |     6 |       |       |       ||     6
       Long sword        |       |     3 |       |       ||     3
       Great sword       |       |     1 |     3 |       ||     4
       Scimitar          |       |       |     7 |     6 ||    13

Table legend: (Time is in decaauts)
 A = Elapsed time spent in this place.
 B = Non-inter-level travel time spent in this place.
 C = Inter-level travel time spent in this place.
 D = Time resting spent in this place.
 E = Time spent auto-exploring this place.
 F = Levels seen in this place.
 G = Mean time per level.
                   A        B        C        D        E       F      G
               +--------+--------+--------+--------+--------+-----+--------+
         Total |   1282 |   1189 |     93 |    771 |      0 |   1 | 1282.0 |
       Dungeon |   1282 |   1189 |     93 |    771 |      0 |   1 | 1282.0 |
               +--------+--------+--------+--------+--------+-----+--------+

Top non-repeatable levels by time:
       D: 1282 daAuts
